 Dungeon Crawl Stone Soup version bcrawl-1.21.2-1-g32d02e0829 (webtiles) character file.

Game seed: 18257710166762014084

194 Mrkan the Ruffian (level 5, -5/50 HPs)
             Began as a Troll Fighter on Feb 23, 2020.
             Was a Believer of Uskayaw.
             Killed by divine providence
             ... invoked by an orc priest
              (15 damage)
             ... on level 3 of the Dungeon.
             The game lasted 00:03:10 (1807 turns).

Mrkan the Ruffian (Troll Fighter)                   Turns: 1807, Time: 00:03:10

Health: -5/50      AC:  6    Str: 25    XL:     5   Next: 44%
Magic:  4/4        EV:  8    Int:  5    God:    Uskayaw [**....]
Gold:   109        SH:  8    Dex:  9    Spells: 4/4 levels left

rFire    . . .     SeeInvis .     - Unarmed
rCold    . . .     Gourm    +   a - +0 shield
rNeg     . . .     Faith    .   (armour unavailable)
rPois    .         Spirit   .   (helmet restricted)
rElec    .         Reflect  .   (no cloak)
rCorr    .         Harm     .   (gloves unavailable)
MR       .....                  (boots unavailable)
Stlth    +.........             (no amulet)
HPRegen  0.56/turn              (no ring)
MPRegen  0.09/turn              (no ring)

@: no status effects
A: large, almost no armour, unfitting armour, claws 3, fast metabolism 3,
gourmand, regeneration 1, AC +6
a: Stomp, Line Pass, Renounce Religion


You were on level 3 of the Dungeon.
You worshipped Uskayaw.
Uskayaw was noncommittal.
You were completely stuffed.

You visited 1 branch of the dungeon, and saw 3 of its levels.

You collected 109 gold pieces.

Inventory:

Armour
 a - a +0 shield (worn)
Jewellery
 l - a +3 amulet of reflection {unknown}
 m - a +3 ring of strength {unknown}
Scrolls
 c - a scroll of teleportation {unknown}
 d - 3 scrolls of identify {unknown}
 h - 4 scrolls of remove curse {unknown}
 p - 2 scrolls of fear {unknown}
 q - a scroll of noise {unknown}
 r - 3 scrolls of enchant armour {unknown}
Potions
 b - a potion of might
 f - 2 potions of curing {unknown}
 g - a potion of lignification {unknown}
 i - 2 potions of brilliance {unknown}
 j - a potion of invisibility {unknown}
 n - a potion of magic {unknown}
 o - a potion of mutation {unknown}
 s - a potion of flight {unknown}
Comestibles
 e - 5 rations {!d}
 k - 3 chunks of flesh


   Skills:
 - Level 2.4 Fighting
 - Level 2.4 Dodging
 - Level 2.0 Shields
 * Level 5.8 Unarmed Combat


You had 4 spell levels left.
You didn't know any spells.
Your spell library was empty.

Dungeon Overview and Level Annotations

Branches:
Dungeon (3/12)

Altars:
Makhleb
Uskayaw


Innate Abilities, Weirdness & Mutations

You cannot wear most types of armour.
Your thick skin is tough. (AC +6)
You are too large for most types of armour.
You have claws for hands.
Your metabolism is lightning-fast.
You like to eat raw meat.
Your natural rate of healing is unusually fast.


Message History

Something hits you but does no damage. The orc hits you but does no damage.
You block the orc priest's attack. You block the adder's attack.
You mangle the orc!!
You kill the orc!
The orc priest calls down the wrath of Beogh upon you.
Beogh smites you!
* * * LOW HITPOINT WARNING * * *
Something hits you but does no damage. The adder closely misses you.
Something hits you.
* * * LOW HITPOINT WARNING * * *
The orc priest invokes the aid of Beogh against you.
Something writhes in agony!
You hear some strange, mumbled words.
A puff of flame appears from out of thin air!
The puff of flame hits you.
* * * LOW HITPOINT WARNING * * *
The kobold throws a stone.
You block the stone.
The orc priest calls down the wrath of Beogh upon you.
Beogh smites you!
You die...

##.## #.### ##.#
.....############## ##.#
................... ##.#
.. ................
##.###.. #.#(.....?.....
...##.. #....†o.)......
.#.##.#####.#..†.oK......
.#.##.#........#S#.......
...#..#.###....#@#.......
...#..)......###.###.....
#......##.#### #_# .....
#......#..# ##### ....
.....#.#.## #1# #.##
#..#.....# ###
)....#..... #.......##..
#...###... .


You could see an Executioner, 2 orc priests and an adder.

Vanquished Creatures
  A scorpion (D:3)
  Terence (D:2)
  Robin (D:2)
  4 adders
  An ooze (D:1)
  A worm (D:1)
  3 leopard geckos
  2 orcs (D:3)
  3 ball pythons
  A giant cockroach (D:1)
  7 goblins
  9 hobgoblins
  8 jackals
  5 bats
  3 frilled lizards
  5 kobolds
  4 rats
59 creatures vanquished.

Notes
Turn   | Place    | Note
-------+----------+-------------------------------------------
     0 | D:1      | Mrkan the Troll Fighter began the quest for the Orb.
     0 | D:1      | Reached XP level 1. HP: 22/22 MP: 0/0
    86 | D:1      | Reached XP level 2. HP: 18/29 MP: 1/1
   209 | D:1      | Reached skill level 3 in Unarmed Combat
   645 | D:1      | Reached XP level 3. HP: 33/36 MP: 2/2
   996 | D:2      | Noticed Terence
  1008 | D:2      | Killed Terence
  1008 | D:2      | Reached skill level 4 in Unarmed Combat
  1062 | D:2      | Noticed Robin
  1069 | D:2      | Killed Robin
  1069 | D:2      | Gained mutation: Your natural rate of healing is unusually
                  | fast. [Troll growth]
  1069 | D:2      | Reached XP level 4. HP: 44/44 MP: 3/3
  1380 | D:2      | Found a hide-covered altar of Uskayaw.
  1384 | D:2      | Reached skill level 5 in Unarmed Combat
  1386 | D:2      | Noticed a +0 hand axe
  1386 | D:2      | Noticed a +0 dagger
  1616 | D:2      | Became a worshipper of Uskayaw the Reveler
  1642 | D:3      | Reached * piety under Uskayaw
  1691 | D:3      | Reached XP level 5. HP: 46/50 MP: 4/4
  1691 | D:3      | Reached ** piety under Uskayaw
  1783 | D:3      | Found a burning altar of Makhleb.
  1783 | D:3      | Noticed an Executioner
  1807 | D:3      | Killed from afar by an orc priest

Skill      XL: |  1  2  3  4 |
---------------+-------------+-----
Unarmed Combat | 3 4 5 |  5.8
Fighting       | |  2.4
Dodging        | |  2.4
Shields        | |  2.0

Action                   |  1- 3 |  4- 6 || total
-------------------------+-------+-------++-------
Melee: Unarmed           |   102 |    89 ||   191
  Eat: Chunk             |    12 |     5 ||    17
Armor: Skin              |    44 |    37 ||    81
Dodge: Dodged            |    53 |    51 ||   104
Block: Shield            |    67 |    47 ||   114
